Map: Ruins of Seras

Players

Grumm

  • Race: Protoss Protoss
  • League: Gold

turbonic - Winner!

  • Race: Protoss Protoss
  • League: Platinum

VOD

Have the link to the VOD?

Description

Time

  • Played on: Jan. 19, 2016, 5:48 p.m.
  • Length: 8:44
Show
View Real Time Build Order
Export as new Build Order

Grumm Protoss 

Build Orders: Nexus First 

Get SALT Encoding   

  12  0:01  Probe (Chrono Boost)  
  13  0:11  Probe (Chrono Boost)  
  14  0:24  Pylon, Probe (Chrono Boost)  
  15  0:54  Nexus  
  15  0:58  Probe (Chrono Boost)  
  16  1:11  Gateway  
  16  1:15  Probe (Chrono Boost)  
  17  1:24  Assimilator  
  18  1:25  Probe (Chrono Boost)  
  18  1:36  Probe (Chrono Boost)  
  18  1:38  Pylon  
  19  1:46  Probe (Chrono Boost)  
  20  1:58  Cybernetics Core  
  20  2:01  Gateway  
  20  2:07  Probe (Chrono Boost)  
  20  2:08  Probe (Chrono Boost)  
  22  2:19  Probe x2 (Chrono Boost)  
  24  2:32  Pylon  
  24  2:36  Mothership Core (Chrono Boost)  
  26  2:37  Probe (Chrono Boost)  
  27  2:46  Warp Gate  
  27  2:48  Probe (Chrono Boost)  
  28  2:54  Probe (Chrono Boost)  
  30  2:58  Probe (Chrono Boost)  
  30  3:04  Probe (Chrono Boost)  
  30  3:05  Assimilator  
  31  3:07  Stalker, Zealot  
  31  3:09  Probe (Chrono Boost)  
  36  3:15  Probe (Chrono Boost)  
  36  3:39  Assimilator  
  36  3:47  Probe x2 (Chrono Boost)  
  38  3:53  Assimilator  
  38  3:55  Stargate  
  38  3:59  Zealot x2  
  38  4:00  Probe x2 (Chrono Boost)  
  44  4:04  Gateway  
  44  4:06  Pylon  
  44  4:10  Pylon  
  45  4:17  Probe (Chrono Boost)  
  45  4:18  Probe (Chrono Boost)  
  46  4:28  Probe (Chrono Boost)  
  46  4:29  Pylon, Probe (Chrono Boost)  
  48  4:35  Gateway  
  48  4:37  Robotics Facility  
  48  4:41  Forge  
  48  4:44  Probe x2 (Chrono Boost)  
  50  4:46  Pylon  
  50  4:52  Stalker  
  50  4:55  Adept  
  54  5:01  Oracle  
  54  5:06  Probe (Chrono Boost)  
  54  5:07  Probe (Chrono Boost)  
  59  5:12  Stargate  
  59  5:19  Pylon, Probe x2 (Chrono Boost)  
  61  5:24  Photon Cannon  
  61  5:29  Observer (Chrono Boost)  
  61  5:32  Stalker  
  64  5:37  Photon Cannon  
  64  5:40  Stalker  
  66  6:05  Probe  
  67  6:12  Stalker, Zealot  
  67  6:13  Zealot x2  
  67  6:14  Probe  
  67  6:15  Immortal (Chrono Boost)  
  67  6:16  Void Ray  
  84  6:26  Fleet Beacon  
  90  7:38  Nexus  
  90  7:40  Pylon  
  90  7:47  Stalker x3  
  91  7:57  Stalker  
  84  8:17  Stargate  
  80  8:21  Stargate  
Show
View Real Time Build Order
Export as new Build Order

turbonic Protoss - Winner!

Build Orders:  

Get SALT Encoding   

  12  0:02  Probe (Chrono Boost)  
  13  0:12  Probe (Chrono Boost)  
  14  0:22  Pylon  
  14  0:23  Probe (Chrono Boost)  
  15  0:40  Probe (Chrono Boost)  
  16  0:50  Probe (Chrono Boost)  
  17  1:01  Probe (Chrono Boost)  
  18  1:11  Probe (Chrono Boost)  
  18  1:13  Nexus  
  19  1:19  Pylon  
  19  1:30  Pylon  
  19  1:37  Probe (Chrono Boost)  
  20  1:57  Probe (Chrono Boost)  
  21  2:06  Gateway  
  21  2:10  Forge  
  21  2:11  Assimilator  
  21  2:16  Assimilator  
  21  2:19  Pylon  
  21  2:23  Probe (Chrono Boost)  
  21  2:27  Probe (Chrono Boost)  
  23  2:33  Probe (Chrono Boost)  
  24  2:37  Probe (Chrono Boost)  
  25  2:48  Probe (Chrono Boost)  
  25  2:49  Probe (Chrono Boost)  
  27  2:56  Photon Cannon  
  28  2:58  Probe (Chrono Boost)  
  28  3:00  Photon Cannon  
  28  3:04  Cybernetics Core  
  28  3:06  Probe (Chrono Boost)  
  28  3:10  Probe (Chrono Boost)  
  30  3:21  Probe (Chrono Boost)  
  30  3:24  Assimilator  
  31  3:31  Assimilator  
  31  3:33  Pylon  
  31  3:35  Probe (Chrono Boost)  
  32  3:43  Mothership Core (Chrono Boost)  
  32  3:46  Probe (Chrono Boost)  
  35  3:56  Stargate, Probe (Chrono Boost)  
  35  3:58  Stargate  
  36  4:07  Probe (Chrono Boost)  
  37  4:17  Probe (Chrono Boost)  
  37  4:23  Pylon  
  38  4:26  Photon Cannon  
  38  4:28  Probe (Chrono Boost)  
  39  4:38  Probe (Chrono Boost)  
  39  4:39  Void Ray (Chrono Boost)  
  39  4:43  Void Ray (Chrono Boost)  
  48  4:50  Probe (Chrono Boost)  
  49  5:01  Probe (Chrono Boost)  
  50  5:11  Probe  
  51  5:19  Void Ray (Chrono Boost)  
  55  5:21  Probe  
  55  5:22  Void Ray (Chrono Boost)  
  60  5:33  Probe  
  61  5:43  Pylon  
  61  5:45  Probe (Chrono Boost)  
  62  5:50  Pylon  
  62  5:51  Void Ray (Chrono Boost)  
  66  5:57  Probe (Chrono Boost)  
  66  6:00  Void Ray  
  71  6:08  Probe (Chrono Boost)  
  71  6:18  Probe (Chrono Boost)  
  71  6:19  Nexus  
  72  6:29  Void Ray (Chrono Boost), Stargate  
  72  6:32  Pylon  
  72  6:35  Pylon  
  76  6:43  Void Ray (Chrono Boost)  
  76  6:45  Photon Cannon  
  80  6:51  Photon Cannon  
  80  6:59  Probe (Chrono Boost)  
  81  7:10  Assimilator  
  81  7:12  Assimilator  
  81  7:14  Pylon  
  81  7:17  Void Ray (Chrono Boost), Pylon  
  81  7:19  Void Ray (Chrono Boost)  
  81  7:20  Probe  
  94  7:34  Void Ray (Chrono Boost)  
  94  7:50  Pylon  
  94  7:53  Pylon  
  94  7:55  Void Ray (Chrono Boost), Pylon  
  102  7:58  Void Ray (Chrono Boost)  
  106  8:20  Probe  
Tags
 
Add a new tag
Caveats
  • Supply blocks, unpowered buildings, or Contaminate may cause inaccurate times.
  • Supply counts are checked every 10 seconds.